Map: Dusk Towers

Players

MorN

  • Race: Terran Terran
  • League: Master

FoxeR - Winner!

  • Race: Terran Terran
  • League: Master

VOD

Have the link to the VOD?

Description

Time

  • Played on: Jan. 18, 2016, 9:33 p.m.
  • Length: 10:08
Show
View Real Time Build Order
Export as new Build Order

MorN Terran 

Build Orders: 1/1/1, Cyclone Opening, MMM Bio 

Get SALT Encoding   

  12  0:00  SCV  
  13  0:12  SCV  
  14  0:17  Supply Depot  
  14  0:24  SCV  
  15  0:38  SCV  
  15  0:40  Barracks  
  16  0:44  Refinery  
  16  0:50  SCV  
  16  0:53  Refinery  
  17  1:03  SCV  
  18  1:15  SCV  
  19  1:27  Marine  
  19  1:29  Orbital Command  
  19  1:32  Factory  
  20  1:43  Supply Depot  
  20  1:46  Marine  
  21  1:59  SCV  
  22  2:04  Marine  
  23  2:11  SCV  
  24  2:18  Factory Tech Lab  
  24  2:19  Starport  
  24  2:26  Supply Depot  
  24  2:27  Marine  
  25  2:31  SCV  
  26  2:40  Cyclone  
  29  2:44  SCV  
  29  2:47  Marine  
  31  2:56  SCV  
  31  2:57  Medivac  
  34  3:04  Supply Depot  
  34  3:06  Marine  
  34  3:12  Siege Tank  
  38  3:18  SCV  
  39  3:23  Liberator  
  39  3:36  SCV, Barracks Reactor  
  43  3:42  Supply Depot  
  43  3:57  SCV  
  44  4:08  Supply Depot  
  44  4:09  SCV  
  45  4:11  Command Center  
  45  4:15  Factory Tech Lab  
  45  4:23  Marine x2  
  47  4:43  Marine  
  47  4:44  Banshee, Marine  
  52  4:55  SCV  
  50  5:01  Barracks  
  50  5:03  Barracks  
  50  5:13  Marine x2  
  52  5:27  Orbital Command  
  52  5:30  Marine  
  52  5:31  Marine  
  54  5:38  SCV  
  58  5:55  SCV, Siege Tank  
  59  5:59  Stimpack  
  59  6:00  Barracks Reactor, Marine x2  
  59  6:01  Marine  
  59  6:02  SCV  
  63  6:07  Engineering Bay  
  63  6:08  SCV  
  63  6:10  Engineering Bay  
  64  6:14  SCV  
  65  6:20  SCV  
  65  6:21  Starport Reactor  
  66  6:26  Marine x2  
  66  6:27  SCV  
  66  6:30  Command Center, Siege Tank  
  66  6:32  Marine  
  72  6:33  SCV  
  72  6:35  Refinery  
  72  6:39  SCV  
  75  6:40  Refinery  
  75  6:42  Terran Infantry Weapons Level 1  
  75  6:43  Terran Infantry Armor Level 1  
  75  6:57  Marine x3  
  78  7:04  Marine  
  78  7:06  Marine, Orbital Command  
  78  7:07  Medivac  
  76  7:26  SCV  
  77  7:35  Marine  
  78  7:41  Marine  
  78  7:42  Siege Tank, Barracks, Marine  
  78  7:43  Supply Depot, Barracks  
  83  7:48  SCV x2  
  85  7:52  Orbital Command  
  85  8:02  SCV, Missile Turret  
  85  8:04  SCV  
  87  8:09  Combat Shields  
  87  8:14  Siege Tank  
  75  8:33  SCV x2  
  69  8:35  Medivac  
  71  8:45  SCV x2, Marine x3  
  71  8:48  Barracks Reactor  
  76  8:49  Barracks Reactor  
  76  8:54  Marine x2  
  78  8:57  SCV x3  
  81  9:08  Armory  
  81  9:09  SCV  
  47  9:19  Marine  
  47  9:20  Marine x2  
  47  9:23  SCV x2  
  49  9:32  Marine x5  
  49  9:33  Marine  
  49  9:34  SCV  
  49  9:36  Medivac  
  49  9:37  Marine x2  
  49  9:38  Marine  
  61  9:49  Marine  
  61  9:50  Marine x3  
Show
View Real Time Build Order
Export as new Build Order

FoxeR Terran - Winner!

Build Orders: MMM Bio 

Get SALT Encoding   

  12  0:00  SCV  
  13  0:13  SCV  
  14  0:18  Supply Depot  
  14  0:25  SCV  
  15  0:30  Refinery  
  15  0:39  SCV  
  16  0:54  SCV  
  17  1:01  Barracks  
  17  1:06  SCV  
  18  1:19  SCV  
  18  1:22  Refinery  
  19  1:31  SCV  
  20  1:50  Marine  
  20  1:52  Orbital Command  
  21  1:54  Supply Depot, Factory  
  21  2:09  Marine  
  22  2:19  SCV  
  23  2:31  Marine  
  23  2:35  Command Center, SCV  
  25  2:38  Factory Tech Lab  
  25  2:45  Starport  
  25  2:48  SCV  
  26  2:53  Marine  
  27  3:04  Supply Depot  
  27  3:05  SCV  
  28  3:06  Cyclone  
  31  3:25  SCV, Viking, Marine  
  35  3:29  Engineering Bay  
  35  3:39  Siege Tank  
  35  3:40  SCV  
  39  3:51  Orbital Command  
  39  3:53  Barracks Reactor  
  39  4:00  SCV  
  40  4:03  Missile Turret  
  40  4:12  SCV  
  41  4:24  SCV x2  
  43  4:32  Barracks  
  43  4:35  Barracks, Missile Turret, Marine  
  43  4:36  SCV  
  45  4:45  SCV  
  46  4:47  Supply Depot, Marine  
  46  4:48  Starport Reactor  
  46  4:50  Factory Reactor  
  47  4:55  SCV  
  48  5:00  Marine  
  48  5:02  SCV  
  48  5:03  Supply Depot  
  48  5:04  Barracks  
  50  5:11  Barracks  
  50  5:14  Supply Depot  
  50  5:15  SCV  
  50  5:19  SCV  
  52  5:21  Stimpack  
  52  5:23  Marine  
  53  5:32  Medivac  
  53  5:33  Marine x2, Medivac  
  59  5:38  SCV  
  59  5:39  Supply Depot  
  59  5:42  Terran Infantry Weapons Level 1  
  60  5:47  Marine x2  
  62  5:50  Marine  
  62  5:51  Marine  
  62  5:54  Marine x2  
  62  5:55  Factory Tech Lab  
  62  5:56  SCV  
  67  6:05  Marine x2  
  67  6:09  Marine  
  70  6:11  Starport Reactor  
  70  6:16  Marine x2  
  72  6:19  Marine  
  72  6:20  Marine  
  72  6:22  Siege Tank  
  78  6:26  Supply Depot  
  78  6:27  Supply Depot  
  78  6:30  Barracks Reactor, Marine  
  78  6:35  Refinery  
  78  6:37  Refinery  
  78  6:41  Supply Depot  
  78  6:47  SCV x2, Marine x6  
  78  6:48  Marine  
  78  6:50  Medivac  
  88  6:59  SCV  
  89  7:05  Marine x6  
  89  7:08  Marine x3  
  98  7:12  SCV  
  98  7:13  SCV  
  100  7:23  Marine x2  
  100  7:25  SCV  
  100  7:26  Supply Depot  
  100  7:29  Marine x2  
  95  7:30  Supply Depot  
  95  7:31  Command Center  
  95  7:32  Marine  
  96  7:40  Marine x2, Medivac x2  
  96  7:42  Combat Shields  
  102  7:48  Marine x4  
  102  7:50  Terran Infantry Armor Level 1  
  106  7:57  Armory  
  106  7:58  Engineering Bay  
  106  8:03  Marine x3  
  109  8:10  Marine, Medivac  
  112  8:14  Marine x2  
  112  8:16  Marine  
  112  8:19  Marine x2  
  117  8:21  Marine  
  117  8:25  Marine x2  
  117  8:26  Medivac  
  103  8:35  Siege Tank, Marine x2  
  103  8:39  SCV x2  
  110  8:45  Marine  
  110  8:46  Marine x5  
  110  8:47  Medivac  
  118  8:52  Marine x2  
  118  8:53  Marine  
  121  9:03  Marine x3  
  121  9:04  Orbital Command  
  121  9:06  Marine x2  
  103  9:22  Marine x2  
  103  9:23  Medivac x2, Marine  
  110  9:25  Marine x2  
  107  9:33  Marine x4  
  107  9:35  SCV x2  
  107  9:36  SCV  
  114  9:40  Marine x3  
  114  9:43  Marine  
  118  9:47  SCV  
Tags
 
Add a new tag
Caveats
  • Supply blocks, unpowered buildings, or Contaminate may cause inaccurate times.
  • Supply counts are checked every 10 seconds.